 Dungeon Crawl Stone Soup version 0.28-a0-1406-ga8dd43b1d0 (webtiles) character file.

Game seed: 12409888037710230241

7 IndexError the Caller (level 2, 19/19 HPs)
             Began as a Gnoll Summoner on Jan 6, 2022.
             Was an Initiate of Ru.
             Quit the game on level 1 of the Dungeon.
             The game lasted 00:00:39 (428 turns).

IndexError the Caller (Gnoll Summoner)               Turns: 428, Time: 00:00:39

Health: 19/19      AC:  2    Str:  7    XL:     2   Next: 4%
Magic:  7/7        EV: 13    Int: 14    God:    Ru [......]
Gold:   15         SH:  0    Dex: 12    Spells: 9/10 levels left

rFire   . . .      SeeInvis .   d - +0 hand axe
rCold   . . .      Faith    .   (no shield)
rNeg    . . .      Spirit   .   a - +0 robe
rPois   .          Reflect  .   (no helmet)
rElec   .          Harm     .   (no cloak)
rCorr   .          Rampage  .   (no gloves)
Will    .....                   (no boots)
Stlth   ++........              (no amulet)
HPRegen 0.06/turn               (no ring)
MPRegen 0.10/turn               (no ring)

@: no status effects
A: fangs 1, strong nose, distributed training
a: Renounce Religion


You were on level 1 of the Dungeon.
You worshipped Ru.
Ru was noncommittal.
You visited 1 branch of the dungeon, and saw 1 of its levels.

You collected 15 gold pieces.

Inventory:

Hand Weapons
 d - a +0 hand axe (weapon)
   (You found it on level 1 of the Dungeon)
Armour
 a - a +0 robe (worn)
Scrolls
 c - a scroll of identify {unknown}
Potions
 b - 2 potions of flight {unknown}


   Skills:
 + Level 0.2 Fighting
 + Level 0.2 Short Blades
 + Level 0.2 Long Blades
 + Level 0.2 Axes
 + Level 0.2 Maces & Flails
 + Level 0.2 Polearms
 + Level 0.2 Staves
 + Level 0.2 Slings
 + Level 0.2 Bows
 + Level 0.2 Crossbows
 + Level 0.2 Throwing
 + Level 0.2 Armour
 + Level 4.4 Dodging
 + Level 4.0 Stealth
 + Level 0.2 Shields
 + Level 0.2 Unarmed Combat
 + Level 4.9 Spellcasting
 + Level 0.1 Conjurations
 + Level 0.1 Hexes
 + Level 7.0 Summonings
 + Level 0.1 Necromancy
 + Level 0.1 Translocations
 + Level 0.1 Transmutations
 + Level 0.1 Fire Magic
 + Level 0.1 Ice Magic
 + Level 0.1 Air Magic
 + Level 0.1 Earth Magic
 + Level 0.1 Poison Magic
 + Level 0.3 Invocations
 + Level 0.2 Evocations


You had 9 spell levels left.
You knew the following spells:

 Your Spells              Type           Power      Damage    Failure   Level
a - Summon Small Mammal   Summ           92%        N/A       1%          1

Your spell library contained the following spells:

 Spells                   Type           Power      Damage    Failure   Level
 Call Imp                 Summ           23%        N/A       1%          2
 Call Canine Familiar     Summ           23%        N/A       3%          3
 Summon Guardian Golem    Hex/Summ       13%        N/A       12%         3
 Corpse Rot               Necr/Air       6%         N/A       26%         2
 Summon Lightning Spire   Summ/Air       13%        N/A       36%         4
 Dispel Undead            Necr           3%         3d7       86%         4
 Death Channel            Necr           1%         N/A       100%        6


Dungeon Overview and Level Annotations

Branches:
Dungeon (1/15)

Altars:
Ru


Innate Abilities, Weirdness & Mutations

You have very sharp teeth.
Your uncanny sense of smell can sniff out nearby items.
Your experience applies equally to all skills.


Message History

Moving in this stuff is going to be slow.
You swap places.
Your quokka bites the frilled lizard.
No target in view!
Magic restored.
Your quokka disappears in a puff of smoke! x2
You now have 15 gold pieces.
b - 2 fizzy silvery potions MP restored: 6
c - a scroll labelled EFIGRIU VEDOWN
d - a +0 hand axe
d - a +0 hand axe (weapon)
A dart slug comes into view.
A dart slug is nearby!
A dart slug is nearby!
Casting: Summon Small Mammal (safe; 1% risk of failure)
Confirm with . or Enter, or press ? or * to list all spells.
The dart slug launches a dart at you. The slug dart hits you.
Casting: Summon Small Mammal (safe; 1% risk of failure)
Confirm with . or Enter, or press ? or * to list all spells.
You take 1 damage, and have 12/13 hp.
You now have 4/6 mp.
You swap places.
The dart slug launches a dart at you. The slug dart hits you.
You take 4 damage, and have 8/13 hp.
MASSIVE DAMAGE!!
Your bat hits the dart slug but does no damage.
The dart slug launches a dart at you. The slug dart hits your bat.
Your bat hits the dart slug. Your bat hits the dart slug.
You hit the dart slug but do no damage.
You bite the dart slug, but do no damage.
Your bat hits the dart slug. x2; The dart slug misses you.
You hit the dart slug. Your bat hits the dart slug.
Your quokka bites the dart slug.
The dart slug launches a dart at your bat.
The slug dart hits your bat.
Your bat's corpse disappears in a puff of smoke!
Your quokka bites the dart slug.
You hit the dart slug.
No target in view!
Your quokka disappears in a puff of smoke!
You pick up a book of Decay and begin reading...
You add the spells Corpse Rot, Dispel Undead and Death Channel to your library.
Health restored: 13; MP restored: 6 You open the door.
A bat comes into view.
There is an open door here.
A bat is nearby!
Casting: Summon Small Mammal (safe; 1% risk of failure)
Confirm with . or Enter, or press ? or * to list all spells.
You now have 5/6 mp.
Casting: Summon Small Mammal (safe; 1% risk of failure)
Confirm with . or Enter, or press ? or * to list all spells.
You now have 4/6 mp.
You swap places.
The helpless bat fails to defend itself.
You hit the bat but do no damage. The bat completely misses you.
The bat misses you. The bat hits you but does no damage.
You closely miss the bat. The bat closely misses you.
The bat completely misses you. The bat hits you but does no damage.
You miss the bat. The bat closely misses you. The bat misses you.
The bat barely misses you.
You swap places.
The bat barely misses your quokka. The bat misses your quokka.
What are your orders? t - Bark!
Orders for allies: a - Attack new target. r - Retreat! s - Stop attacking. g - Guard the area. f - Follow me.
Anything else - Cancel.
Gang up on whom?
Press: ? - help, Dir - move target, f - bat
Aim: a bat (ally target) Attack!
The bat barely misses your quokka.
You swap places.
You open the door.
Your quokka disappears in a puff of smoke!
There is an open door here.
A kobold comes into view.
It is wielding a +0 dagger of holy wrath.
MP restored: 6 A kobold is nearby!
The kobold shouts!
Your quokka disappears in a puff of smoke!
Found a faded altar of an unknown god.
The kobold hits you with a +0 dagger of holy wrath.
You take 1 damage, and have 12/13 hp.
You hit the kobold.
You have reached level 2!
You regained 5 hp, and now have 17/19 hp.
MP restored: 7 No target in view!
Things that are here:
a +0 dagger of holy wrath; 2 stones; a kobold corpse Health restored: 19
There is a faded altar of an unknown god here.
You cannot tell which god this altar belongs to.
Convert to them anyway?
Ru accepts your prayer! Ru welcomes you!
Are you sure you want to abandon this character and quit the game? (Confirm with "yes".)

#####'###......###......
#......##............###
#..#######.......†...# #
#..#...#8#...........# #
#..#^#.#^#...........# #
#..#.....####........# #
#.)....# #........# #
#......#### #........# #
#......@..# #........#
#......#### #........#
###....# #........#
##..... ##########
#^#.#^# #8..#8# ##### #


There were no monsters in sight!

Vanquished Creatures
  A dart slug (D:1)
  A kobold (D:1)
2 creatures vanquished.

Vanquished Creatures (collateral kills)
  2 jackals (D:1)
  A frilled lizard (D:1)
3 creatures vanquished.

Grand Total: 5 creatures vanquished

Notes
Turn   | Place    | Note
-------+----------+-------------------------------------------
     0 | D:1      | IndexError the Gnoll Summoner began the quest for the Orb.
     0 | D:1      | Reached XP level 1. HP: 13/13 MP: 6/6
   402 | D:1      | Found a faded altar of an unknown god.
   404 | D:1      | Reached XP level 2. HP: 17/19 MP: 7/7
   427 | D:1      | Prayed at the altar of an unknown god.
   427 | D:1      | Became a worshipper of Ru the Awakened
   428 | D:1      | Quit the game

Illustrated notes

Levels and vault maps discovered:
D:1:      minmay_arrival_shoal_huts, layout_basic,
          shapermc_ecumenical_altar_mp_highgroup, minmay_lizard_king

Action                   || total
-------------------------++-------
Melee: Unarmed           ||    14
       Hand axe          ||     7
       Bite              ||     1
 Cast: Summon Small Mamm ||     8
 Stab: Sleeping          ||     1
Armor: Robe              ||     5
Dodge: Dodged            ||    19

Table legend: (Time is in decaauts)
 A = Elapsed time spent in this place.
 B = Non-inter-level travel time spent in this place.
 C = Inter-level travel time spent in this place.
 D = Time resting spent in this place.
 E = Time spent auto-exploring this place.
 F = Levels seen in this place.
 G = Mean time per level.
                   A        B        C        D        E       F      G
               +--------+--------+--------+--------+--------+-----+--------+
         Total |    431 |    431 |      0 |      0 |    350 |   1 |  431.0 |
       Dungeon |    431 |    431 |      0 |      0 |    350 |   1 |  431.0 |
               +--------+--------+--------+--------+--------+-----+--------+

Top non-repeatable levels by time:
     D:1: 431 daAuts

Table legend:
 A = Kills in this place as a percentage of kills in entire the game.
 B = Kills by you in this place as a percentage of kills by you in the entire game.
 C = Kills by friends in this place as a percentage of kills by friends in the entire game.
 D = Other kills in this place as a percentage of other kills in the entire game.
 E = Experience gained in this place as a percentage of experience gained in the entire game.
 F = Experience gained in this place divided by the number of levels of this place that you have seen.
                   A       B       C       D       E      F
               +-------+-------+-------+-------+-------+----------------------
         Total | 100.0 | 100.0 | 100.0 |   N/A | 100.0 |  11.0
       Dungeon | 100.0 | 100.0 | 100.0 |   N/A | 100.0 |  11.0
               +-------+-------+-------+-------+-------+----------------------
